 Dungeon Crawl Stone Soup version 0.18-a0-1577-gf591c28 (webtiles) character file.

31 M4edhros the Sneak (level 3, -12/23 HPs)
             Began as an Octopode Artificer on Mar 24, 2016.
             Mangled by an ogre
             ... wielding a cursed -1 giant club
              (30 damage)
             ... on level 4 of the Dungeon.
             The game lasted 00:03:35 (1845 turns).

M4edhros the Sneak (Octopode Artificer)             Turns: 1845, Time: 00:03:35

Health: -12/23     AC:  1    Str: 10    XL:     3   Next: 22%
Magic:  5/5        EV: 18    Int: 14    God:
Gold:   110        SH:  0    Dex: 18    Spells: 0 memorised, 2 levels left

rFire  . . .     SeeInvis .     j - +2 mace (crush)
rCold  . . .     Gourm    .     (no shield)
rNeg   . . .     Faith    .     (helmet restricted)
rPois  .         Spirit   .     r - amulet of regeneration
rElec  .         Dismiss  .     (no ring)
rCorr  .         Reflect  .     (no ring)
SustAt .         Harm     .     (no ring)
MR     .....                    (no ring)
Stlth  +++++.....               (no ring)
                                (no ring)
                                (no ring)
                                (no ring)

@: agile, not resistant to hostile enchantments, quite stealthy
A: almost no armour, amphibious, 8 rings, constrict 8, camouflage 1, gelatinous
body 1
a: no special abilities


You were on level 4 of the Dungeon.
You were hungry.

You visited 1 branch of the dungeon, and saw 4 of its levels.

You collected 110 gold pieces.

Inventory:

Hand Weapons
 a - a +0 short sword
 g - a +0 hunting sling
 j - a +2 mace of crushing (weapon)
Missiles
 p - 51 stones (quivered)
Jewellery
 e - a +3 amulet of reflection
 r - an amulet of regeneration (around mantle)
Wands
 b - a wand of flame (14/48)
 c - a wand of enslavement (12/24)
 d - a wand of random effects (12/48)
Scrolls
 k - a scroll of teleportation {unknown}
 n - a scroll of fog {unknown}
 o - a scroll of remove curse
 q - 2 scrolls of identify {unknown}
Potions
 i - a potion of agility
 l - a potion of degeneration {unknown}
 m - a potion of lignification {unknown}
Comestibles
 f - 2 bread rations
 s - a meat ration
 t - a royal jelly


   Skills:
 - Level 1.0 Fighting
 - Level 1.0 Short Blades
 + Level 2.6 Dodging
 * Level 3.6 Stealth
 - Level 3.2 Evocations


You had 2 spell levels left.
You didn't know any spells.

Dungeon Overview and Level Annotations

Branches:
Dungeon (4/15)
 Temple: D:4-7

Altars:
Ru

Annotations:
D:4 Dowan, Duvessa


Innate Abilities, Weirdness & Mutations

You cannot wear most types of armour.
You are amphibious.
You can wear up to eight rings at the same time.
You can use your tentacles to constrict eight enemies at once.
Your skin changes colour to match your surroundings (Stealth).
Your rubbery body absorbs attacks (AC +1).


Message History

Press: ? - help, Shift-Dir - straight line, f - ogre, p - iguana
Aim: an ogre, wielding a giant club (heavily wounded)
The puff of flame misses the ogre.
This wand has 14 charges left.
You barely miss the ogre.
The ogre is heavily wounded.
The ogre misses you.
You thump the ogre!
The ogre is almost dead.
The ogre hits you with a giant club!
Ouch! That really hurt!
Found a sacrificial altar of Ru.
The iguana is no longer charmed.
You can no longer detect the iguana.
You hit the ogre.
The ogre is almost dead.
The ogre closely misses you. The ogre barely misses you.
You barely miss the ogre.
The ogre is almost dead.
The ogre hits you with a giant club!!
Ouch! That really hurt!
You die...

#.### #.#.O.....
###...###.#######.
#.........#######.
#.###+###......†..
#.# #..#######
#.###.###..#
#.###_..+..#
#O###.###..# #@#
#..# #.# #..# #..
...# ###. ##


You could see an ogre.

Vanquished Creatures
  A ball python (D:1)
  3 bats
  A giant cockroach (D:2)
  4 goblins
  6 hobgoblins
  A jackal (D:3)
  A quokka (D:3)
  2 kobolds
  3 rats
22 creatures vanquished.

Vanquished Creatures (collateral kills)
  A giant gecko (D:4)
  2 orcs (D:4)
3 creatures vanquished.

Grand Total: 25 creatures vanquished

Notes
Turn   | Place    | Note
--------------------------------------------------------------
     0 | D:1      | M4edhros the Octopode Artificer began the quest for the Orb.
     0 | D:1      | Reached XP level 1. HP: 13/13 MP: 3/3
   319 | D:1      | Reached XP level 2. HP: 18/18 MP: 4/4
  1430 | D:3      | Reached XP level 3. HP: 19/23 MP: 5/5
  1672 | D:4      | Noticed Duvessa
  1672 | D:4      | Noticed Dowan
  1793 | D:4      | Noticed an ogre
  1840 | D:4      | Found a sacrificial altar of Ru.
  1845 | D:4      | Mangled by an ogre

Vault maps used:
D:1:      scummos_arrival_simple_crosswalls
D:3:      nicolae_dithmenos_through_a_glass_darkly
D:4:      corexii_shack_village, overflow_temple_1_default, lemuel_doored_altar,
          nemelex_xobeh_ov_fountains_minmay, first_bread, uniq_duvessa

Skill      XL: |  1  2 |
---------------+-------+-----
Stealth        | 2 3 |  3.6
Fighting       | |  1.0
Short Blades   | |  1.0
Dodging        | |  2.6
Evocations     | |  3.2

Action                   || total
-------------------------++-------
Melee: Short sword       ||     9
       Mace              ||    31
Evoke: Wand              ||     7
  Use: Scroll            ||     1
       Potion            ||     3
 Stab: Sleeping          ||     6
       Distracted        ||     1
  Eat: Chunk             ||     2
